[Event "Titled Tuesday Blitz June 27 Early 2023"]
[White "Samadov, Read"]
[Black "Preotu, Razvan"]
[WhiteFideId "13417444"]
[BlackFideId "2613280"]
[WhiteElo "2877"]
[BlackElo "2698"]
[Result "0-1"]
[Round "3"]
[TimeControl "180+2"]
[Date "2023.06.27"]
[WhiteClock "0:00:08"]
[BlackClock "0:00:13"]
[Board "34"]

1. d4 Nf6 2. c4 g6 3. Nc3 d5 4. cxd5 Nxd5 5. e4 Nxc3 6. bxc3 Bg7 7. Bc4 c5 8. Ne2 Nc6 9. Be3 O-O 10. O-O b6 11. h4 e5 12. Bd5 Bb7 13. dxc5 Qxh4 14. cxb6 axb6 15. Bxb6 Rac8 16. a4 Ba6 17. Re1 Ne7 18. c4 Nxd5 19. cxd5 Qxe4 20. d6 Bb7 21. f3 Qh4 22. d7 Ra8 23. Rc1 e4 24. f4 e3 25. Bxe3 Qg4 26. Ng3 Qxg3 27. Qd2 Rfd8 28. Rc2 Rxd7 29. Qe2 Bxg2 30. Bf2 Qh3 31. Bc5 Bf3 32. Qh2 Qg4+ 33. Kf2 Rad8 34. Be3 Bd4 35. Qh6 Qg2# 0-1


[Site "https://www.chess.com"]

[Event "Titled Tuesday Blitz June 27 Early 2023"]
[White "Goryachkina, Aleksandra"]
[Black "Ibarra Jerez, Jose Carlos"]
[WhiteFideId "4147103"]
[BlackFideId "2226332"]
[WhiteElo "2691"]
[BlackElo "2875"]
[Result "0-1"]
[Round "3"]
[TimeControl "180+2"]
[Date "2023.06.27"]
[WhiteClock "0:00:00"]
[BlackClock "0:00:18"]
[Board "35"]

1. e4 Nc6 2. Nc3 e6 3. Nf3 d5 4. exd5 exd5 5. d4 Bb4 6. Bd3 Bg4 7. Be3 Nge7 8. h3 Bf5 9. O-O O-O 10. Ne2 Bd6 11. Ng3 Bxg3 12. fxg3 Nb4 13. Bxf5 Nxf5 14. Bf4 f6 15. c3 Nc6 16. g4 Nd6 17. Bxd6 Qxd6 18. Qd2 Rae8 19. Rae1 g5 20. Rxe8 Rxe8 21. Ne1 Kg7 22. Nc2 Re4 23. Ne3 Ne7 24. Rf3 Qe6 25. Qf2 c6 26. Qg3 Kf7 27. Qf2 Ng6 28. g3 Ne7 29. Qd2 b6 30. Nf1 h5 31. Qxg5 hxg4 32. Qh5+ Kf8 33. Qh6+ Kf7 34. Qh7+ Ke8 35. Qh8+ Ng8 36. hxg4 Qxg4 37. Rf2 Kd7 38. Qh7+ Re7 39. Qf5+ Qxf5 40. Rxf5 Ke6 41. Rf3 Rc7 42. Re3+ Kf7 43. Kf2 Nh6 44. Ke2 Nf5 45. Rf3 Nd6 46. Nd2 c5 47. dxc5 bxc5 48. b3 Ke6 49. c4 d4 50. Rf1 Rh7 51. Kd3 Nf7 52. Nf3 Rh3 53. Rg1 Ne5+ 54. Nxe5 fxe5 55. Ke4 Rh2 56. g4 Rf2 57. g5 Rf4+ 58. Kd3 e4+ 59. Ke2 Kf7 60. g6+ Kg7 61. Rg5 e3 62. Rxc5 Rf2+ 63. Kd3 Rd2+ 64. Ke4 e2 65. Kf5 e1=Q 66. Rc7+ Kf8 67. Rc8+ Ke7 0-1


[Site "https://www.chess.com"]

[Event "Titled Tuesday Blitz June 27 Early 2023"]
[White "Drygalov, Sergey"]
[Black "Leon Oquendo, Jorge"]
[WhiteFideId "24171743"]
[BlackFideId "3514803"]
[WhiteElo "2872"]
[BlackElo "2666"]
[Result "0-1"]
[Round "3"]
[TimeControl "180+2"]
[Date "2023.06.27"]
[WhiteClock "0:00:00"]
[BlackClock "0:00:18"]
[Board "36"]

1. d4 Nf6 2. c4 e6 3. Nc3 Bb4 4. e3 O-O 5. Bd3 d5 6. cxd5 exd5 7. a3 Bd6 8. Nf3 c6 9. O-O Bg4 10. h3 Bh5 11. b4 Nbd7 12. Bb2 a6 13. Rc1 Re8 14. Be2 Rc8 15. Qb3 Bb8 16. a4 Qc7 17. Rfe1 Bxf3 18. Bxf3 Qh2+ 19. Kf1 Nb6 20. Nb1 Nc4 21. Rxc4 dxc4 22. Qxc4 Nd5 23. Nd2 Nf4 24. g3 Nxh3 25. Ke2 Nxf2 26. Nf1 Qg1 27. Qc2 Nh3 28. Kd3 Bxg3 29. Rb1 Bf2 30. e4 Rcd8 31. Kc4 Bxd4 32. Qg2 Bxb2 33. Rxb2 Qxg2 34. Rxg2 Nf4 35. Rg3 Ne6 36. Ne3 Rd4+ 37. Kc3 Red8 38. Nf5 Rd3+ 39. Kc2 g6 40. e5 Rxf3 0-1


[Site "https://www.chess.com"]

[Event "Titled Tuesday Blitz June 27 Early 2023"]
[White "Rakhmanov, Aleksandr"]
[Black "Eugene, Floryan"]
[WhiteFideId "4173708"]
[BlackFideId "20694784"]
[WhiteElo "2867"]
[BlackElo "2656"]
[Result "1/2-1/2"]
[Round "3"]
[TimeControl "180+2"]
[Date "2023.06.27"]
[WhiteClock "0:00:13"]
[BlackClock "0:00:22"]
[Board "37"]

1. d4 f5 2. Bf4 Nf6 3. e3 d6 4. Nc3 e6 5. Bc4 Be7 6. Nf3 h6 7. h3 O-O 8. O-O Re8 9. Bh2 Bf8 10. a4 Nc6 11. a5 Kh8 12. a6 bxa6 13. d5 exd5 14. Nxd5 Ne5 15. Nxe5 dxe5 16. Nxf6 Qxf6 17. Qe2 Rb8 18. b3 Rb6 19. Rfd1 Bd6 20. Ra5 Bb7 21. Qh5 Rf8 22. Bg3 Kh7 23. Bh4 Qg6 24. Qxg6+ Kxg6 25. Bg3 f4 26. exf4 exf4 27. Bd3+ Kf7 28. Rf5+ Kg8 29. Bc4+ Kh7 30. Rxf8 Bxf8 31. Bxf4 Bd6 32. Be3 c5 33. f4 Be4 34. Rd2 a5 35. Kf2 Be7 36. Rd7 Bf6 37. Bd3 Bxd3 38. Rxd3 Rc6 39. Rd5 c4 40. Rxa5 cxb3 41. cxb3 Rc2+ 42. Kf3 Rc3 43. Ke4 Rxb3 44. g4 Bd8 45. Ra6 Rb4+ 46. Kf3 Rb3 47. Ke2 Rb2+ 48. Kf3 Rb3 49. Ke4 Rb4+ 50. Kd5 Rb3 51. Bd4 Bb6 52. Bxb6 axb6 53. h4 Rg3 54. g5 Rg4 55. Ke5 Rxh4 56. Rxb6 hxg5 57. fxg5 Rh1 58. Kf5 Rf1+ 59. Kg4 Rg1+ 60. Kh4 Rh1+ 61. Kg4 Rg1+ 62. Kh4 Rg2 63. Kh5 g6+ 64. Kh4 Rh2+ 65. Kg4 Rg2+ 66. Kf4 Rf2+ 67. Kg3 Rf5 68. Kg4 Rf1 69. Rb7+ Kg8 70. Re7 Rg1+ 71. Kf4 Rf1+ 72. Kg4 Rg1+ 73. Kh4 Rh1+ 74. Kg3 Rg1+ 75. Kf4 Rf1+ 76. Ke5 Rf5+ 77. Ke6 Rxg5 78. Kf6 Rf5+ 79. Kxg6 Rf8 80. Rg7+ Kh8 81. Rh7+ Kg8 82. Re7 Ra8 83. Rg7+ Kh8 84. Rh7+ Kg8 85. Rg7+ Kh8 86. Rh7+ Kg8 87. Rg7+ 1/2-1/2


[Site "https://www.chess.com"]

[Event "Titled Tuesday Blitz June 27 Early 2023"]
[White "Pichot, Alan"]
[Black "Kaidanov, Gregory"]
[WhiteFideId "110973"]
[BlackFideId "2008564"]
[WhiteElo "2864"]
[BlackElo "2652"]
[Result "1-0"]
[Round "3"]
[TimeControl "180+2"]
[Date "2023.06.27"]
[WhiteClock "0:00:20"]
[BlackClock "0:00:08"]
[Board "38"]

1. e4 e5 2. Nf3 Nc6 3. Bc4 Bc5 4. c3 Nf6 5. d4 exd4 6. b4 Bb6 7. e5 d5 8. exf6 dxc4 9. Qe2+ Be6 10. b5 Na5 11. fxg7 Rg8 12. cxd4 Rxg7 13. O-O Qd7 14. Bg5 c6 15. Nc3 Bd8 16. bxc6 bxc6 17. Qe5 Rg8 18. Bxd8 Qxd8 19. Ne4 Kf8 20. Nf6 Rg6 21. Nh5 Kg8 22. Nf4 Rh6 23. Ng5 Bd5 24. Ne4 Bxe4 25. Qxe4 Qd7 26. Rfe1 Nb7 27. d5 c5 28. Qxc4 Rc8 29. Nd3 Nd6 30. Qf4 Rg6 31. Ne5 Qf5 32. Nxg6 hxg6 33. Qxd6 1-0


[Site "https://www.chess.com"]

[Event "Titled Tuesday Blitz June 27 Early 2023"]
[White "Molina, Roberto Junio Brito"]
[Black "Sadykov, Ramil"]
[WhiteFideId "2109450"]
[BlackFideId "24113590"]
[WhiteElo "2862"]
[BlackElo "2643"]
[Result "0-1"]
[Round "3"]
[TimeControl "180+2"]
[Date "2023.06.27"]
[WhiteClock "0:00:41"]
[BlackClock "0:00:50"]
[Board "39"]

1. d4 d5 2. c4 e6 3. Nc3 Nf6 4. cxd5 exd5 5. Bg5 Be7 6. e3 O-O 7. Bd3 Re8 8. Qc2 h6 9. Bh4 c5 10. Nge2 Nc6 11. dxc5 d4 12. exd4 Nxd4 13. Nxd4 Qxd4 14. Bg3 Bxc5+ 15. Ne2 Bb4+ 16. Kf1 Qb6 17. Bc7 Qe6 18. a3 Bd6 19. Bc4 Qe7 20. Bxd6 Qxd6 21. Rd1 Qc6 22. Qb3 Be6 23. Bxe6 Rxe6 24. Qf3 Qb5 25. Rd2 Rae8 26. h4 Ne4 27. Rc2 Rf6 28. Qe3 Nxf2 29. Qxf2 Rxf2+ 30. Kxf2 Qf5+ 0-1


[Site "https://www.chess.com"]

[Event "Titled Tuesday Blitz June 27 Early 2023"]
[White "Zochowski, Kacper"]
[Black "Maximov, Dmitry"]
[WhiteFideId "1125494"]
[BlackFideId "14105659"]
[WhiteElo "2643"]
[BlackElo "2851"]
[Result "1-0"]
[Round "3"]
[TimeControl "180+2"]
[Date "2023.06.27"]
[WhiteClock "0:00:24"]
[BlackClock "0:00:00"]
[Board "40"]

1. Nf3 Nf6 2. c4 g6 3. b3 Bg7 4. Bb2 O-O 5. g3 d6 6. d4 Nbd7 7. Bg2 Qe8 8. O-O c6 9. Nc3 a6 10. e3 Rb8 11. a4 b6 12. e4 e5 13. dxe5 dxe5 14. Ba3 c5 15. Qc2 Bb7 16. Nd5 Bxd5 17. exd5 Qe7 18. Rad1 Qd6 19. Rfe1 Rbe8 20. a5 bxa5 21. Qc3 e4 22. Ng5 h6 23. Nh3 e3 24. Qxa5 Ng4 25. f3 Ngf6 26. Bc1 e2 27. Rd2 Nh5 28. Rdxe2 Bd4+ 29. Nf2 Ne5 30. Bxh6 Nd3 31. Bxf8 Rxf8 32. Kf1 Nxf2 33. Rxf2 Bxf2 34. Kxf2 Ng7 35. Bh3 Rb8 36. Qc3 a5 37. Re3 Rb4 38. f4 a4 39. bxa4 Rxa4 40. Qe5 Qb6 41. d6 Rxc4 42. d7 Rd4 43. Re2 Kh7 44. Bg4 f5 45. Bf3 Rxd7 46. h4 c4+ 47. Kg2 Rd3 48. h5 c3 49. hxg6+ Qxg6 50. Qb5 Rd2 51. Rxd2 cxd2 52. Qd3 Ne6 53. Qxd2 Kh6 54. Kf2 Qf6 55. Qe3 Kg6 56. Bd5 Qb2+ 57. Kg1 Qb1+ 58. Kh2 Qb2+ 59. Kh3 Qh8+ 60. Kg2 Qb2+ 61. Qf2 Qxf2+ 62. Kxf2 Nd4 63. Ke3 Nc2+ 64. Kf2 Kf6 65. Bc4 Na3 66. Bd3 Ke6 67. Ke3 Kf6 68. Kd4 Ke6 69. Kc3 Kd5 70. Bxf5 Nb5+ 71. Kd3 Nd6 72. Bd7 Ne4 73. Bc6+ Kxc6 74. Kxe4 Kd6 75. Kf5 Ke7 76. Kg6 1-0


[Site "https://www.chess.com"]

[Event "Titled Tuesday Blitz June 27 Early 2023"]
[White "Grigoriants, Sergey"]
[Black "Megalios, Konstantinos"]
[WhiteFideId "4130804"]
[BlackFideId "4238044"]
[WhiteElo "2843"]
[BlackElo "2625"]
[Result "1-0"]
[Round "3"]
[TimeControl "180+2"]
[Date "2023.06.27"]
[WhiteClock "0:00:55"]
[BlackClock "0:00:31"]
[Board "41"]

1. d4 Nf6 2. c4 g6 3. f3 c5 4. d5 Bg7 5. e4 d6 6. Nc3 O-O 7. Nge2 e6 8. Ng3 exd5 9. cxd5 Nbd7 10. Be2 Re8 11. O-O a6 12. a4 h5 13. Rf2 Ne5 14. Nf1 Nh7 15. h3 f5 16. f4 Nf7 17. exf5 Bxf5 18. Be3 Qh4 19. Qd2 Re7 20. Rf3 Rae8 21. Bf2 Qf6 22. Bd3 Bxd3 23. Qxd3 Nh6 24. Ng3 Nf5 25. Nce4 Qxb2 26. Rb1 Qa2 27. Nxf5 gxf5 28. Nxd6 Rf8 29. Nxf5 Re2 30. Nxg7 Kxg7 31. Rxb7+ 1-0


[Site "https://www.chess.com"]

[Event "Titled Tuesday Blitz June 27 Early 2023"]
[White "Erdogmus, Yagiz Kaan"]
[Black "Vdovin, Vadim"]
[WhiteFideId "44599790"]
[BlackFideId "24107158"]
[WhiteElo "2842"]
[BlackElo "2622"]
[Result "1-0"]
[Round "3"]
[TimeControl "180+2"]
[Date "2023.06.27"]
[WhiteClock "0:00:11"]
[BlackClock "0:00:00"]
[Board "42"]

1. e4 c5 2. Nf3 d6 3. d4 cxd4 4. Nxd4 Nf6 5. Nc3 a6 6. h3 g6 7. Be3 Bg7 8. Qd2 Nbd7 9. Bh6 Bxh6 10. Qxh6 Qb6 11. O-O-O e5 12. Nf3 Qc5 13. Ng5 b5 14. Qg7 Rf8 15. Nd5 Nxd5 16. Rxd5 Qxf2 17. Nxh7 Qe3+ 18. Rd2 Bb7 19. Nxf8 Nxf8 20. Bd3 Ne6 21. Qf6 Qf4 22. Qxf4 Nxf4 23. Rf1 Ke7 24. Rdf2 Rf8 25. Kd2 d5 26. exd5 Bxd5 27. Re1 Kd6 28. Be4 f5 29. Bxd5 Nxd5 30. g4 e4 31. Rxe4 Rh8 32. gxf5 gxf5 33. Rxf5 Nb6 34. Rf3 Nc4+ 35. Kc1 Rg8 36. Rd3+ Kc5 37. b3 Rg1+ 38. Rd1 1-0


[Site "https://www.chess.com"]

[Event "Titled Tuesday Blitz June 27 Early 2023"]
[White "Girya, Olga"]
[Black "Moiseenko, Alexander"]
[WhiteFideId "4195752"]
[BlackFideId "14102560"]
[WhiteElo "2609"]
[BlackElo "2840"]
[Result "1-0"]
[Round "3"]
[TimeControl "180+2"]
[Date "2023.06.27"]
[WhiteClock "0:00:09"]
[BlackClock "0:00:00"]
[Board "43"]

1. d4 f5 2. g3 Nf6 3. Bg2 e6 4. Nf3 d5 5. Bf4 c5 6. c4 dxc4 7. Na3 cxd4 8. Nxc4 Bb4+ 9. Kf1 Nc6 10. Nfe5 Nxe5 11. Bxe5 O-O 12. Qxd4 Qe7 13. Bd6 Bxd6 14. Qxd6 Qxd6 15. Nxd6 Rd8 16. Nc4 Rb8 17. Bf3 Rd4 18. Rc1 Bd7 19. Kg2 Bb5 20. Na3 Ba6 21. Rhd1 Rxd1 22. Rxd1 e5 23. Bd5+ Nxd5 24. Rxd5 Re8 25. Rd7 Kf8 26. e3 Re7 27. Rxe7 Kxe7 28. Kf3 Kd6 29. e4 g6 30. Ke3 Kc5 31. Nb1 Bc4 32. Nc3 Kb4 33. f4 exf4+ 34. Kxf4 fxe4 35. Kxe4 a5 36. h4 a4 37. Kd4 b5 38. g4 h6 39. g5 hxg5 40. hxg5 Bf1 41. Nd5+ Ka5 42. Kc5 Bc4 43. Nb4 Bg8 44. Nc6+ Ka6 45. a3 Bf7 46. Ne5 Be8 47. Kd6 Kb6 48. Ke7 Bc6 49. Nxc6 Kxc6 50. Kf6 b4 51. Kxg6 Kb5 52. Kf5 bxa3 53. bxa3 Kc4 54. g6 Kb3 55. g7 Kxa3 56. g8=Q 1-0


[Site "https://www.chess.com"]

[Event "Titled Tuesday Blitz June 27 Early 2023"]
[White "Mardov, Dimitar"]
[Black "Kumsiashvili, Nikoloz"]
[WhiteFideId "30919495"]
[BlackFideId "13600621"]
[WhiteElo "2838"]
[BlackElo "2595"]
[Result "1-0"]
[Round "3"]
[TimeControl "180+2"]
[Date "2023.06.27"]
[WhiteClock "0:00:06"]
[BlackClock "0:00:06"]
[Board "44"]

1. d4 Nf6 2. c4 c5 3. d5 b5 4. cxb5 a6 5. bxa6 g6 6. Nc3 Bg7 7. e4 O-O 8. e5 Ne8 9. Nf3 d6 10. exd6 Nxd6 11. Be2 Nxa6 12. O-O Nb4 13. a3 Bf5 14. Bf4 Nc2 15. Rc1 Nd4 16. Nxd4 cxd4 17. Nb5 d3 18. Bxd3 Nxb5 19. Bxb5 Bxb2 20. Rc7 Rxa3 21. Qd2 Bg7 22. Rfc1 Ra1 23. Rxa1 Bxa1 24. Rc1 Bg7 25. h3 Qb6 26. Bc6 Rd8 27. Be3 Qb2 28. Qa5 Qb8 29. Bf4 Qc8 30. Bb7 Qd7 31. Rc7 Qe8 32. Bc6 Qf8 33. Qa7 Bf6 34. Be3 Rc8 35. Bc5 Rxc7 36. Qxc7 Kg7 37. Qa7 Qd8 38. g3 h5 39. h4 Be4 40. Qb7 Bf5 41. Qb4 Kg8 42. Qf4 Kg7 43. Be3 Kg8 44. Qc4 Qd6 45. Kh2 Bg4 46. Bf4 Qd8 47. Qe4 Bf5 48. Qe3 Kg7 49. Bh6+ Kg8 50. Bf4 Kg7 51. Qc5 Kg8 52. Bb5 Kg7 53. Bc4 Kg8 54. Qe3 Qd7 55. Qb6 Kg7 56. Qb8 Be4 57. d6 exd6 58. Bxd6 Be7 59. Be5+ Bf6 60. Bxf6+ Kxf6 61. Qh8+ Kf5 62. Qc3 f6 63. Qe3 g5 64. Be2 g4 65. Qf4+ Kg6 66. Qxe4+ f5 67. Qe5 Qc6 68. Qf4 Qd5 69. Qe3 Kf7 70. Bf1 Qe4 71. Qxe4 fxe4 72. Bc4+ Kf6 73. Kg2 Ke5 74. Bf7 Kd4 75. Bxh5 1-0


[Site "https://www.chess.com"]

[Event "Titled Tuesday Blitz June 27 Early 2023"]
[White "Vlassov, Nikolai"]
[Black "Fridman, Daniel"]
[WhiteFideId "4103360"]
[BlackFideId "11600454"]
[WhiteElo "2589"]
[BlackElo "2837"]
[Result "1-0"]
[Round "3"]
[TimeControl "180+2"]
[Date "2023.06.27"]
[WhiteClock "0:00:40"]
[BlackClock "0:00:10"]
[Board "45"]

1. e4 c6 2. d4 d5 3. e5 c5 4. dxc5 Nc6 5. Bb5 e6 6. Be3 Bd7 7. Bxc6 Bxc6 8. Nf3 Ne7 9. O-O Nf5 10. Bd4 g5 11. c3 g4 12. Ne1 h5 13. Nd3 Bb5 14. Re1 Qg5 15. Na3 Bc6 16. b4 a6 17. Nc2 h4 18. Ne3 g3 19. Nxf5 gxh2+ 20. Kxh2 Qxf5 21. Qf3 Qxf3 22. gxf3 a5 23. a3 Bb5 24. Nb2 Bh6 25. a4 Bf4+ 26. Kh3 Bd7 27. Nd3 Bh6 28. b5 Ke7 29. Rg1 Rag8 30. Rg4 Rg5 31. Rag1 Rf5 32. f4 Kf8 33. Rxh4 Be8 34. Rgg4 Bg7 35. Rxh8+ Bxh8 36. Rh4 Bg7 37. Kg4 Ke7 38. Rh7 Bf8 39. Ne1 Kd8 40. Nc2 f6 41. exf6 Bg6 42. Rxb7 Bh5+ 43. Kg3 Bh6 44. Be5 1-0


[Site "https://www.chess.com"]

[Event "Titled Tuesday Blitz June 27 Early 2023"]
[White "Beerdsen, Thomas"]
[Black "Sowul, Bartosz"]
[WhiteFideId "1030108"]
[BlackFideId "1137590"]
[WhiteElo "2830"]
[BlackElo "2585"]
[Result "1/2-1/2"]
[Round "3"]
[TimeControl "180+2"]
[Date "2023.06.27"]
[WhiteClock "0:01:29"]
[BlackClock "0:00:27"]
[Board "46"]

1. e4 c5 2. Nf3 d6 3. d4 cxd4 4. Nxd4 Nf6 5. Nc3 Nc6 6. Nd5 Nxd5 7. exd5 Qa5+ 8. Bd2 Qxd5 9. Nb5 Qe6+ 10. Be2 Qd7 11. O-O a6 12. Nc3 e6 13. Na4 Qc7 14. Be3 Be7 15. Nb6 Rb8 16. c4 O-O 17. Qd2 Bd7 18. Rac1 Rbd8 19. f4 Bf6 20. Rfd1 Bc8 21. b4 g6 22. Bf3 Ne7 23. Bf2 Nf5 24. Qe1 Rfe8 25. a4 Bd7 26. b5 Bb2 27. Rc2 Ba3 28. bxa6 bxa6 29. Qa5 Bc5 30. Bxc5 dxc5 31. Rcd2 Nd4 32. Qxa6 Nxf3+ 33. gxf3 Bc6 34. Rxd8 Rxd8 35. Rxd8+ Qxd8 36. Qc8 Qxc8 37. Nxc8 Bxa4 38. Kf2 Bb3 39. Nb6 Kf8 40. Nd7+ Ke7 41. Nxc5 Bxc4 42. Ke3 Bb5 43. Nb3 Kf6 44. Nd4 Bc4 45. Nc6 Bd5 46. Ne5 Ke7 47. h4 f6 48. Ng4 h5 49. Nf2 e5 50. Nd3 Kd6 51. fxe5+ fxe5 52. f4 exf4+ 53. Kxf4 Ke7 54. Kg5 Be4 55. Nf4 Kf8 56. Kf6 Kg8 57. Nh3 Bc2 58. Ng5 Bb1 59. Nf3 Bc2 60. Nd2 Bd3 61. Nb3 Bc2 62. Nd4 Bd3 63. Nc6 Bc2 64. Ne7+ Kf8 65. Nc8 Bb1 66. Nb6 Bc2 67. Nd7+ Kg8 68. Kg5 Bb1 69. Nb8 Bc2 70. Nc6 Bb1 71. Nd4 Bd3 72. Kf4 Bb1 73. Nc6 Kf7 74. Ke3 Kf6 75. Kf4 Bc2 76. Nb4 Bb1 77. Nd5+ Kg7 78. Nc3 Bc2 79. Ke5 Kf7 80. Ne2 Kg7 81. Nd4 Bd3 82. Ne6+ Kf7 83. Nd8+ Ke7 84. Nc6+ Kf7 85. Kf4 Kf6 86. Nb4 Bb1 87. Nd5+ Ke6 88. Nc3 Bc2 89. Ne2 Kf6 90. Nd4 Bf5 91. Nb5 Bb1 92. Nc7 Bf5 93. Nd5+ Ke6 94. Ne3 Kf6 95. Nd5+ Ke6 96. Nc3 Kf6 97. Nd5+ 1/2-1/2


[Site "https://www.chess.com"]

[Event "Titled Tuesday Blitz June 27 Early 2023"]
[White "Kravtsiv, Martyn"]
[Black "Degenbaev, Aziz"]
[WhiteFideId "14113147"]
[BlackFideId "13802640"]
[WhiteElo "2826"]
[BlackElo "2568"]
[Result "1-0"]
[Round "3"]
[TimeControl "180+2"]
[Date "2023.06.27"]
[WhiteClock "0:00:52"]
[BlackClock "0:00:00"]
[Board "47"]

1. e4 c5 2. Nf3 Nc6 3. Bb5 Nf6 4. d3 Qa5+ 5. Nc3 Nd4 6. Bc4 b5 7. Bd5 Rb8 8. O-O e6 9. Bb3 Nxb3 10. cxb3 b4 11. Ne2 Ba6 12. Re1 Be7 13. e5 Nd5 14. Ng3 Qb5 15. d4 cxd4 16. Nxd4 Qd3 17. Qg4 Qg6 18. Qxg6 hxg6 19. Ne4 f5 20. Nd6+ Bxd6 21. exd6 Rb6 22. Nf3 Rxd6 23. Ne5 O-O 24. Bg5 Rc8 25. Rac1 Rxc1 26. Rxc1 Nf6 27. h3 Ne4 28. Be3 Kh7 29. Rc7 Bb5 30. Rxa7 Rd5 31. Nf7 f4 32. Bxf4 Rf5 33. Nd6 Rxf4 34. Nxb5 Rxf2 35. Nd6 Re2 36. Nxe4 Rxe4 37. Rxd7 Re2 38. Rd6 Rxb2 39. Rxe6 Rxa2 40. Re4 Rb2 41. Rxb4 g5 42. Kh2 Kg6 43. Kg3 Rb1 44. Rb5 Rb2 45. Kf3 Rb1 46. Kg4 Rb2 47. g3 Kh6 48. Rb7 g6 49. Rb8 1-0


[Site "https://www.chess.com"]

[Event "Titled Tuesday Blitz June 27 Early 2023"]
[White "Horvath, Dominik"]
[Black "Manukian, Artak"]
[WhiteFideId "1642561"]
[BlackFideId "13301373"]
[WhiteElo "2819"]
[BlackElo "2411"]
[Result "1-0"]
[Round "3"]
[TimeControl "180+2"]
[Date "2023.06.27"]
[WhiteClock "0:00:59"]
[BlackClock "0:00:05"]
[Board "48"]

1. f4 e5 2. e4 exf4 3. Bc4 h6 4. Qh5 Qe7 5. d3 Nf6 6. Qe2 d5 7. exd5 g5 8. Nc3 Bg4 9. Qxe7+ Bxe7 10. h3 Bf5 11. Nge2 Nbd7 12. g3 fxg3 13. Nxg3 Bg6 14. O-O O-O-O 15. Nf5 Bc5+ 16. Kg2 Nh5 17. Ne4 Bf8 18. Bd2 Nb6 19. Rae1 Nxc4 20. dxc4 Ng7 21. Neg3 Nxf5 22. Nxf5 Bc5 23. b4 Bf8 24. Bc3 Rg8 25. a3 b5 26. Bf6 bxc4 27. Bxd8 Kxd8 28. Nd4 Bd6 29. Nf5 Bf4 30. Nxh6 Rh8 31. Ng4 Bxc2 32. Ne5 c3 33. Nxf7+ Kd7 34. Nxh8 Kd6 35. Ng6 Kxd5 36. Nxf4+ gxf4 37. Rxf4 1-0


[Site "https://www.chess.com"]

[Event "Titled Tuesday Blitz June 27 Early 2023"]
[White "Hoffmann, Asa"]
[Black "Elsa167"]
[WhiteFideId "2001470"]
[WhiteElo "2409"]
[BlackElo "2818"]
[Result "0-1"]
[Round "3"]
[TimeControl "180+2"]
[Date "2023.06.27"]
[WhiteClock "0:00:00"]
[BlackClock "0:01:49"]
[Board "49"]

1. d4 Nf6 2. Bg5 c6 3. Nd2 d5 4. e3 Ne4 5. Nxe4 dxe4 6. c3 Bf5 7. Bc4 Bg6 8. h4 h6 9. Bf4 e6 10. h5 Bh7 11. Ne2 Bd6 12. Qb3 b5 13. Bxe6 fxe6 14. Qxe6+ Be7 15. Bxb8 Rxb8 16. Qxc6+ Qd7 17. Qxd7+ Kxd7 18. Nf4 Bd6 19. g3 a5 20. Kd2 Rhc8 21. Rh4 Be7 22. Rg4 Bg5 23. Nh3 Bf5 24. Nxg5 Bxg4 25. Nxe4 Bxh5 26. Nc5+ Kc6 27. e4 Bf7 28. f4 b4 29. Nd3 bxc3+ 30. bxc3 Bc4 31. Ne5+ Kd6 32. Nd3 Bxd3 33. Kxd3 Rb2 34. f5 Rg2 35. e5+ Kd5 0-1


[Site "https://www.chess.com"]

[Event "Titled Tuesday Blitz June 27 Early 2023"]
[White "Bazeev, German"]
[Black "Rosh Jain"]
[WhiteFideId "24119350"]
[BlackFideId "25789465"]
[WhiteElo "2818"]
[BlackElo "2289"]
[Result "1-0"]
[Round "3"]
[TimeControl "180+2"]
[Date "2023.06.27"]
[WhiteClock "0:01:03"]
[BlackClock "0:00:43"]
[Board "50"]

1. d4 Nf6 2. Nf3 d5 3. c4 e6 4. g3 Be7 5. Bg2 O-O 6. O-O b6 7. cxd5 exd5 8. Nc3 Bb7 9. Bf4 c5 10. Rc1 Nc6 11. h4 h6 12. e3 Ba6 13. Re1 Nb4 14. Ne5 Rc8 15. Bh3 Rc7 16. a3 Nc6 17. Nxc6 Rxc6 18. Qa4 Bb7 19. Qxa7 Ba8 20. dxc5 Bxc5 21. b4 Bd6 22. Bxd6 Qxd6 23. Nb5 Rxc1 24. Rxc1 Qe5 25. Nd4 Qd6 26. Qc7 Ne4 27. Qxd6 Nxd6 28. Rc7 Nc4 29. a4 g6 30. Bf1 Ne5 31. a5 bxa5 32. bxa5 Rb8 33. a6 Kg7 34. a7 Rb7 35. Ne6+ Kf6 36. Rxb7 Bxb7 37. Nd8 Ba8 38. Ba6 Nd7 39. Bb7 Nb6 40. Bxa8 Nxa8 41. Kg2 Ke7 42. Nxf7 Kxf7 43. g4 Ke7 44. f4 Kd7 45. Kf3 Ke6 46. Ke2 h5 47. f5+ gxf5 48. gxh5 Kf6 49. Kf3 Nc7 50. Kg3 Ke5 51. h6 Kf6 52. h7 Kg7 53. Kf4 Kxh7 54. Kxf5 Kh6 55. Kf6 Kh5 56. Ke7 Kxh4 57. Kd7 Na8 58. Kc6 Kg5 59. Kb7 Kf5 60. Kxa8 Ke4 61. Kb7 Kxe3 62. a8=Q d4 63. Qa4 d3 64. Qd1 d2 65. Kc6 Kd3 66. Kc5 Kc3 67. Kd5 Kd3 68. Ke5 Kc3 69. Ke4 Kc4 70. Qxd2 Kb5 71. Qg2 Ka6 72. Qh1 Ka7 73. Qh2 Ka8 74. Kf3 Ka7 75. Qb2 Ka8 76. Kf4 Ka7 77. Ke4 Ka8 78. Kd4 Ka7 79. Kd5 Ka8 80. Kc6 Ka7 81. Qb6+ Ka8 82. Qb7# 1-0


[Site "https://www.chess.com"]

[Event "Titled Tuesday Blitz June 27 Early 2023"]
[White "Firouzja, Alireza"]
[Black "Dishman, Stephen"]
[WhiteFideId "12573981"]
[BlackFideId "403024"]
[WhiteElo "3121"]
[BlackElo "2365"]
[Result "1-0"]
[Round "3"]
[TimeControl "180+2"]
[Date "2023.06.27"]
[WhiteClock "0:01:24"]
[BlackClock "0:00:12"]
[Board "51"]

1. d4 d5 2. Bg5 f6 3. Bf4 c5 4. e3 Nc6 5. Nf3 Bg4 6. c4 cxd4 7. cxd5 Qxd5 8. Nc3 Qa5 9. exd4 e5 10. dxe5 fxe5 11. Be3 e4 12. h3 Rd8 13. Qb3 Bc8 14. Ng5 Nh6 15. Be2 Be7 16. Nxe4 Nf5 17. Bb5 Nxe3 18. fxe3 Qb6 19. O-O Qxe3+ 20. Kh1 Bxh3 21. Qf7+ Kd7 22. Rf3 Bxg2+ 23. Kxg2 Qh6 24. Bxc6+ bxc6 25. Rd1+ 1-0


[Site "https://www.chess.com"]

[Event "Titled Tuesday Blitz June 27 Early 2023"]
[White "Bauman_Guy"]
[Black "Tabatabaei, M. Amin"]
[BlackFideId "12521213"]
[WhiteElo "2650"]
[BlackElo "2990"]
[Result "0-1"]
[Round "3"]
[TimeControl "180+2"]
[Date "2023.06.27"]
[WhiteClock "0:00:15"]
[BlackClock "0:00:07"]
[Board "52"]

1. e4 c5 2. Nf3 d6 3. d4 cxd4 4. Nxd4 Nf6 5. Nc3 a6 6. h3 Nc6 7. g3 Bd7 8. Bg2 g6 9. O-O Bg7 10. Be3 O-O 11. Nd5 Rc8 12. c3 Ne5 13. Re1 Nc4 14. Bc1 b5 15. Qe2 e6 16. Nxf6+ Qxf6 17. b3 Na5 18. Bb2 Rfd8 19. Rad1 h5 20. h4 Qe7 21. Rd2 Nb7 22. Red1 Nc5 23. Nf3 Bc6 24. Ng5 Rd7 25. Kh2 Rcd8 26. c4 Bxb2 27. Rxb2 b4 28. Rbd2 e5 29. g4 f6 30. Nh3 hxg4 31. Qxg4 Qe6 32. Qe2 Rh7 33. Kg3 g5 34. h5 Be8 35. Bf3 Kh8 36. Bg4 Qe7 37. Qe3 Ne6 38. Bxe6 Qxe6 39. Qb6 Rxh5 40. Ng1 Qe7 41. Rxd6 Rxd6 42. Qxd6 Qxd6 43. Rxd6 Kg7 44. Rxa6 Rh1 45. Kg2 Rh4 46. f3 g4 47. Kg3 Rh1 48. Kg2 Rh4 49. Kg3 Rh1 50. Kg2 Rh8 51. Rb6 gxf3+ 52. Kxf3 Rh1 53. Kg2 Rh4 54. Rxb4 Rxe4 55. a4 Bc6 56. Kf2 Rf4+ 57. Ke3 Re4+ 58. Kf2 Rg4 59. Rb6 Be4 60. Ne2 Rg2+ 61. Ke3 f5 62. a5 Rh2 63. a6 Rh3+ 64. Kd2 f4 65. a7 Rh2 66. Ke1 Rh1+ 67. Kf2 Rh2+ 68. Ke1 f3 69. Ng3 f2+ 70. Ke2 f1=Q+ 71. Kxf1 Bf3 72. Rb8 Ra2 73. Rb5 Kf6 74. Ke1 Rxa7 75. Nf1 Ra1+ 76. Kf2 e4 77. Nd2 Bh1 78. Ke3 Re1+ 79. Kf2 Rd1 80. Ke3 Kg6 81. Re5 Re1+ 82. Kf2 Rd1 83. Nxe4 Rb1 84. Nd2 Rb2 85. Ke3 Kf6 86. Rb5 Ke6 87. Kd3 Ra2 88. Kc3 Kd6 89. Rh5 Bg2 90. Rh6+ Ke5 91. b4 Ra3+ 92. Nb3 Bf3 93. Rh5+ Bxh5 94. b5 Kd6 95. Kb4 Ra2 96. Nd4 Rb2+ 97. Kc3 Rb1 98. Kc2 Bg6+ 99. Kc3 Kc5 100. Nb3+ Kb6 101. Nd4 Bf7 102. Nb3 Rh1 103. Nd2 Rh3+ 104. Kb4 Rh4 105. Kc3 Bg8 106. Kb4 Rg4 107. Kc3 Ka5 108. Nb3+ Ka4 109. Nd2 Rg3+ 110. Kd4 Kb4 111. b6 Rg4+ 112. Ke5 Rg6 113. b7 Rb6 114. Ne4 Rxb7 115. Nd6 Re7+ 116. Kd4 Rc7 117. c5 Rxc5 118. Ne4 Rc4+ 0-1


[Site "https://www.chess.com"]